 Dungeon Crawl Stone Soup version 0.32-a0-953-g508020473e (webtiles) character file.

Game seed: 11688436447257752220

18 Esekla the Sneak (level 2, -1/21 HPs)
             Began as an Octopode Delver on Apr 16, 2024.
             Slain by an ogre
             ... wielding a +0 giant club
              (7 damage)
             ... in the Ecumenical Temple.
             The game lasted 00:03:54 (340 turns).

Esekla the Sneak (Octopode Delver)                   Turns: 340, Time: 00:03:55

Health: -1/21      AC:  1    Str: 11    XL:     2   Next: 66%
Magic:  2/2        EV: 12    Int: 12    God:
Gold:   22         SH:  0    Dex: 13    Spells: 1/1 levels left

rFire   . . .        a - +0 spear
rCold   . . .        (no shield)
rNeg    . . .        (helmet restricted)
rPois   .            (no amulet)
rElec   .            (no ring)
rCorr   .            (no ring)
SInv    .            (no ring)
Will    .....        (no ring)
Stlth   ++++         (no ring)
HPRegen 0.23/turn    (no ring)
MPRegen 0.08/turn    (no ring)
                     (no ring)

%: no passive effects
@: hasted, very quick
A: almost no armour, amphibious, 8 rings, camouflage 1, gelatinous body 1,
(nimble swimmer 1), tentacles
a: no special abilities


You were in the Ecumenical Temple.
You visited 2 branches of the dungeon, and saw 2 of its levels.

You collected 22 gold pieces.

Inventory:

Hand Weapons
 a - a +0 spear (weapon)
Wands
 f - a wand of digging (3)
Scrolls
 b - a scroll of fog
 c - a scroll of revelation
 e - 3 scrolls of enchant weapon {unknown}
Potions
 d - a potion of brilliance {unknown}
 g - a potion of mutation {unknown}


   Skills:
 * Level 3.1 Fighting
 + Level 2.1 Polearms
 * Level 2.1 Dodging
 + Level 7.2 Stealth
 * Level 0.1 Spellcasting


You had one spell level left.
You didn't know any spells.
Your spell library contained the following spells:

 Spells                   Type           Power      Damage    Failure   Level
 Sting                    Conj/Alch      0%         1d3       32%         1
 Mercury Vapours          Alch/Air       0%         N/A       45%         2
 Olgreb's Toxic Radiance  Alch           0%         N/A       97%         4


Dungeon Overview and Level Annotations

Branches:
Dungeon (5/15)             Temple (1/1) D:5

Altars:
Ashenzari
Cheibriados
Dithmenos
Fedhas
Gozag
Hepliaklqana
Kikubaaqudgha
Makhleb
Nemelex Xobeh
Okawaru
Ru
Sif Muna
Trog
Uskayaw
Vehumet
Wu Jian
Xom
Yredelemnul
Zin
The Shining One


Innate Abilities, Weirdness & Mutations

You cannot wear most types of armour.
You are amphibious.
You can wear up to eight rings at the same time.
Your skin changes colour to match your surroundings (Stealth+).
Your rubbery body absorbs attacks. (AC +1, EV +1)
((You are camouflaged when in or above water. (Stealth+)))
You have tentacles for arms and can constrict up to eight enemies at once.


Message History

You have reached level 2!
You hit the adder. You grab the adder. You squeeze the adder.
The adder is severely wounded.
You constrict the adder.
You kill the adder!
Found 9 gold pieces.
You now have 22 gold pieces (gained 9).
Found a leather armour.
You see here a +0 leather armour.
Found an orange potion.
d - an orange potion
Found 3 scrolls labelled VOOWOCKAEHE.
Found a fizzy black potion.
e - 3 scrolls labelled VOOWOCKAEHE
g - a fizzy black potion
Found a potion of haste.
h - a potion of haste You open the door.
There is an open door here.
There is an open door here.
You start waiting.
A hound is nearby!
The hound barks!
You hear a shout!
You close the door.
You open the door.
There is an open door here.
The ogre barely misses you.
There is a staircase to the Ecumenical Temple here.
The ogre barely misses you.
You climb downwards.
Welcome to the Ecumenical Temple!
Found a staircase back to the Dungeon.
There is a staircase back to the Dungeon here.
Search for what [? for help]?
Gozag You feel yourself speed up.
The ogre attacks as it pursues you! The ogre hits you with a +0 giant club!
Ouch! That really hurt!
* * * LOW HITPOINT WARNING * * *
You open the door. The ogre attacks as it pursues you!
The ogre hits you with a +0 giant club!
You die...

##...###...##...#
#.._..#.._..#...#
#.....#.....#...#
#.....#.....#...#
#.....#.....#...#
##...###...##...#######
###+#####+###...##....##
................#......#
................@O...<.#
................#......#
###+#####+###...##....##
##...###...##...#######
#.....#.....#...#
#.....#.....#...#
#.....#.....#...#
#.._..#.._..#...#
##...###...##...#


You could see an ogre.

Vanquished Creatures
  2 adders (D:5)
2 creatures vanquished.

Notes
Turn   | Place    | Note
-------+----------+-------------------------------------------
     0 | D:5      | Esekla the Octopode Delver began the quest for the Orb.
     0 | D:5      | Reached XP level 1. HP: 16/16 MP: 1/1
     7 | D:5      | Found a staircase to the Ecumenical Temple.
     9 | D:5      | Noticed a phantom
     9 | D:5      | Noticed a hound
    34 | D:5      | Noticed an ogre
    59 | D:5      | Noticed a hound
   149 | D:5      | Reached skill level 7 in Stealth
   149 | D:5      | Reached XP level 2. HP: 21/21 MP: 2/2
   333 | Temple   | Entered the Ecumenical Temple
   340 | Temple   | Slain by an ogre

Illustrated notes

Levels and vault maps discovered:
D:5:      layout_basic, minmay_temple_entry_large_hall, nicolae_goblin_pals
Temple:   mainiacjoe_temple_cubbyholes

Skill      XL: |  1 |
---------------+----+-----
Stealth        | 7 |  7.2
Fighting       | |  3.1
Polearms       | |  2.1
Dodging        | |  2.1
Spellcasting   | |  0.1

Action                     || total
---------------------------++-------
  Melee: Spear             ||     4
         Constrict         ||     2
         Tentacles         ||     1
    Use: Potion            ||     2
         Scroll            ||     1
 Armour: Skin              ||     5
  Dodge: Dodged            ||     9

Table legend: (Time is in decaauts)
 A = Elapsed time spent in this place.
 B = Non-inter-level travel time spent in this place.
 C = Inter-level travel time spent in this place.
 D = Time resting spent in this place.
 E = Time spent auto-exploring this place.
 F = Levels seen in this place.
 G = Mean time per level.
                   A        B        C        D        E       F      G
               +--------+--------+--------+--------+--------+-----+--------+
         Total |    318 |    318 |      0 |     33 |      4 |   2 |  159.0 |
       Dungeon |    313 |    313 |      0 |     33 |      4 |   1 |  313.0 |
        Temple |      5 |      5 |      0 |      0 |      0 |   1 |    5.0 |
               +--------+--------+--------+--------+--------+-----+--------+

Top non-repeatable levels by time:
     D:5: 313 daAuts
  Temple: 5 daAuts
